[Event "3rd Edmonton International"]
[Site "Edmonton"]
[Date "2008.08.03"]
[Round "6"]
[White "Vicary, Elizabeth"]
[Black "Reeve, Jeff"]
[Result "0-1"]
[ECO "B51"]
[WhiteElo "2145"]
[BlackElo "2243"]
[PlyCount "56"]
[EventDate "2008.07.31"]
[EventType "swiss"]
[EventRounds "9"]
[EventCountry "CAN"]
[TimeControl "300"]

1. e4 c5 2. Nf3 d6 3. Bb5+ Nc6 4. O-O Bd7 5. Re1 Nf6 6. c3 a6 7. Bf1 Bg4 8. h3
Bxf3 9. Qxf3 g6 10. d3 Bg7 11. Be3 e5 12. Na3 O-O 13. Bg5 h6 14. Bh4 g5 15. Bg3
d5 16. exd5 Nxd5 17. Nc4 Nf4 18. h4 f5 19. hxg5 hxg5 20. Bxf4 gxf4 21. g3 fxg3
22. Qxg3 Qf6 23. Bh3 Kh8 24. Kh2 Bh6 25. Qf3 b5 26. Ne3 Ra7 27. Rg1 e4 28. Qh5
Rh7 0-1

[Event "3rd Edmonton International"]
[Site "Edmonton"]
[Date "2008.08.04"]
[Round "8"]
[White "Pechenkin, Vladimir"]
[Black "Hughey, Micah"]
[Result "1-0"]
[ECO "B22"]
[WhiteElo "2281"]
[BlackElo "2011"]
[PlyCount "53"]
[EventDate "2008.07.31"]
[EventType "swiss"]
[EventRounds "9"]
[EventCountry "CAN"]
[TimeControl "300"]

1. f4 Nf6 2. Nf3 g6 3. d3 Bg7 4. e4 d6 5. Be2 O-O 6. O-O c5 7. c3 Nc6 8. Kh1 b5
9. a3 a5 10. Be3 Bb7 11. Nbd2 b4 12. d4 cxd4 13. cxd4 e5 14. fxe5 dxe5 15. d5
Ne7 16. axb4 axb4 17. Rxa8 Qxa8 18. Bc5 Re8 19. Bb5 Qa5 20. Qe2 Ba6 21. Bxa6
Qxc5 22. Nxe5 Nfxd5 23. exd5 Nxd5 24. Qc4 Qe3 25. Qxd5 Rxe5 26. Qxf7+ Kh8 27.
Nc4 1-0

[Event "3rd Edmonton International"]
[Site "Edmonton"]
[Date "2008.08.04"]
[Round "9"]
[White "Gardner, Robert"]
[Black "Vicary, Elizabeth"]
[Result "0-1"]
[ECO "E27"]
[WhiteElo "2185"]
[BlackElo "2145"]
[PlyCount "132"]
[EventDate "2008.07.31"]
[EventType "swiss"]
[EventRounds "9"]
[EventCountry "CAN"]
[TimeControl "300"]

1. d4 Nf6 2. c4 e6 3. Nc3 Bb4 4. f3 d5 5. a3 Bxc3+ 6. bxc3 O-O 7. cxd5 exd5 8.
e3 Bf5 9. Bd3 Qd7 10. Ne2 Re8 11. O-O Bxd3 12. Qxd3 Qc6 13. Ng3 Nbd7 14. Ra2
Nb6 15. Re2 Qc4 16. Qd2 g6 17. e4 c5 18. e5 Nfd7 19. h4 cxd4 20. cxd4 Re6 21.
h5 Nf8 22. Re3 Rc8 23. Ne2 Qc2 24. Qe1 Rec6 25. hxg6 Qxg6 26. f4 Kh8 27. f5 Qg4
28. Rg3 Qe4 29. Qd2 Qh4 30. Rh3 Qe4 31. Nc3 Qg4 32. Rf4 Qg5 33. Qe1 Na4 34.
Rfh4 Qxf5 35. Bd2 Nxc3 36. Bxc3 Rg6 37. Bb4 Qg5 38. Qf2 Rg7 39. Rh5 Qc1+ 40.
Kh2 Rc2 41. Qf3 Qf4+ 42. Rg3 Qxf3 43. Rxf3 Rcxg2+ 44. Kh3 Ne6 45. Be7 Kg8 46.
Rh4 Rg1 47. Kh2 R7g2+ 48. Kh3 Ng5+ 49. Bxg5 Rxg5 50. Kh2 R1g4 51. Kh3 Rg1 52.
Kh2 R5g4 53. Kh3 Rxh4+ 54. Kxh4 Rd1 55. Rf4 Rd3 56. a4 Ra3 57. Kg5 Rxa4 58. e6
fxe6 59. Kf6 Ra6 60. Rg4+ Kf8 61. Rh4 h6 62. Ke5 b5 63. Rxh6 b4 64. Rh8+ Kg7
65. Rb8 Rb6 66. Ra8 a6 0-1

[Event "3rd Edmonton International"]
[Site "Edmonton"]
[Date "2008.08.04"]
[Round "9"]
[White "Hughey, Micah"]
[Black "Cheng, Bindi"]
[Result "1/2-1/2"]
[ECO "A43"]
[WhiteElo "2011"]
[BlackElo "2333"]
[PlyCount "86"]
[EventDate "2008.07.31"]
[EventType "swiss"]
[EventRounds "9"]
[EventCountry "CAN"]
[TimeControl "300"]

1. e4 e6 2. d4 c5 3. d5 d6 4. Nc3 Nf6 5. Nf3 a6 6. a4 exd5 7. exd5 g6 8. Bf4
Qe7+ 9. Qe2 Nh5 10. Bg5 f6 11. Bd2 Bg4 12. O-O-O Qxe2 13. Bxe2 Nd7 14. h3 Bxf3
15. Bxf3 Ng7 16. Rhe1+ Kf7 17. Be2 Be7 18. g4 h5 19. f4 hxg4 20. hxg4 Rh2 21.
Rh1 Rah8 22. Bf3 f5 23. g5 Bd8 24. b3 Ba5 25. Kb2 Bb4 26. Bc1 R2h3 27. Na2 Ba5
28. Bg2 Rh2 29. Bf3 R8h3 30. Rxh2 Rxh2 31. Rh1 Rf2 32. Rh3 Bd2 33. Bxd2 Rxd2
34. Nc1 Rf2 35. Nd3 Rf1 36. Be2 Rg1 37. a5 b5 38. axb6 Nxb6 39. Bf3 c4 40. Nb4
a5 41. Nc6 cxb3 42. cxb3 a4 43. Nd8+ Ke7 1/2-1/2

[Event "2009 Alberta Open"]
[Site "Edmonton"]
[Date "2009.10.10"]
[Round "1"]
[White "Li, Zhichao"]
[Black "White, Chris"]
[Result "1-0"]
[ECO "D31"]
[WhiteElo "2179"]
[BlackElo "1748"]
[PlyCount "73"]
[EventDate "2009.10.10"]
[EventType "swiss"]
[EventRounds "6"]
[EventCountry "CAN"]
[TimeControl "6600+30"]

1. d4 d5 2. c4 e6 3. Nc3 c6 4. e4 dxe4 5. Nxe4 Nf6 6. Nxf6+ Qxf6 7. Nf3 Bb4+ 8.
Bd2 Bxd2+ 9. Qxd2 Nd7 10. Bd3 b6 11. O-O O-O 12. Rfe1 Bb7 13. Re4 g6 14. Ne5
Nxe5 15. dxe5 Qg7 16. c5 Rfd8 17. Qe3 b5 18. Bc2 a5 19. Rd4 Rd5 20. Rad1 Rad8
21. Be4 Rxd4 22. Rxd4 Rxd4 23. Qxd4 Qf8 24. Qd6 Qc8 25. h4 Kg7 26. Kh2 f5 27.
Qe7+ Kg8 28. Bb1 Ba8 29. a3 Qf8 30. Qxe6+ Kg7 31. Ba2 Qxc5 32. Qf6+ Kh6 33. f4
Qf2 34. Qg5+ Kg7 35. h5 c5 36. h6+ Kf8 37. Qd8# 1-0

[Event "2009 Alberta Open"]
[Site "Edmonton"]
[Date "2009.10.11"]
[Round "3"]
[White "Wu, Allan"]
[Black "Li, Zhichao"]
[Result "0-1"]
[ECO "D13"]
[WhiteElo "1876"]
[BlackElo "2179"]
[PlyCount "114"]
[EventDate "2009.10.10"]
[EventType "swiss"]
[EventRounds "6"]
[EventCountry "CAN"]
[TimeControl "6600+30"]

1. Nf3 d5 2. d4 c6 3. c4 Nf6 4. cxd5 cxd5 5. Nc3 Nc6 6. e3 e6 7. Bd2 Be7 8. Be2
O-O 9. O-O Bd7 10. Rc1 Qb8 11. a3 Rc8 12. b4 a6 13. Na4 b6 14. Qb3 Ne4 15. Rc2
Nxd2 16. Nxd2 Qb7 17. Rfc1 Na7 18. Bf3 Bc6 19. Nb2 Rc7 20. Nd3 Rac8 21. Ne5 Nb5
22. Be2 Be8 23. a4 Nd6 24. h3 Rxc2 25. Rxc2 f6 26. Nd3 Bg6 27. Bg4 Bf5 28. Bxf5
Nxf5 29. b5 a5 30. Nf4 Qd7 31. Qd3 Bd6 32. Ne2 Bb4 33. Nf3 Nd6 34. Qd1 Qe8 35.
Qc1 Rc4 36. Nd2 Bxd2 37. Qxd2 Qc8 38. Ra2 Ne4 39. Qb2 Nc3 40. Nxc3 Rxc3 41. Ra1
Qc4 42. Qd2 Rc2 43. Qd1 h6 44. Kh2 Qc3 45. Qf1 Qb2 46. Kg1 Rxf2 47. Qxf2 Qxa1+
48. Qf1 Qxf1+ 49. Kxf1 Kf7 50. Kf2 Kg6 51. Kf3 Kg5 52. g3 h5 53. e4 Kg6 54. Kf4
dxe4 55. Kxe4 Kf7 56. g4 hxg4 57. hxg4 Ke7 0-1

[Event "2009 Alberta Open"]
[Site "Edmonton"]
[Date "2009.10.12"]
[Round "5"]
[White "Yearwood, Roy"]
[Black "Li, Zhichao"]
[Result "0-1"]
[ECO "A34"]
[WhiteElo "2081"]
[BlackElo "2178"]
[PlyCount "112"]
[EventDate "2009.10.10"]
[EventType "swiss"]
[EventRounds "6"]
[EventCountry "CAN"]
[TimeControl "6600+30"]

1. Nf3 Nf6 2. c4 c5 3. Nc3 d5 4. cxd5 Nxd5 5. Qb3 e6 6. g3 Qb6 7. Bg2 Qxb3 8.
axb3 Be7 9. Ne5 Nc7 10. d3 Nba6 11. Be3 f6 12. Nc4 Rb8 13. O-O Kf7 14. Rfc1 Rd8
15. Na5 Nb4 16. Ne4 b6 17. Nc4 a5 18. Bd2 Ncd5 19. f4 Bb7 20. Kh1 Ba8 21. g4
Nc6 22. Ra3 Nc7 23. Nc3 b5 24. Nxa5 b4 25. Nxc6 Bxc6 26. Bxc6 bxa3 27. bxa3
Rxb3 28. a4 c4 29. Be4 Bb4 30. f5 exf5 31. gxf5 Bxc3 32. Rxc3 Rxc3 33. Bxc3 Nd5
34. Ba5 c3 35. d4 Rd7 36. Bxd5+ Rxd5 37. Bxc3 Rxf5 38. Kg2 Ke6 39. a5 Kd5 40.
a6 Kc6 41. Bb4 Kb6 42. Bc5+ Kxa6 43. e4 Rg5+ 44. Kf3 Kb5 45. h4 Rxc5 46. dxc5
Kxc5 47. Kf4 Kd6 48. Kf5 Ke7 49. h5 Kf7 50. Kg4 Ke6 51. Kf4 g6 52. hxg6 hxg6
53. Ke3 Ke5 54. Kf3 g5 55. Ke3 g4 56. Kd3 Kf4 0-1

[Event "2009 Alberta Open"]
[Site "Edmonton"]
[Date "2009.10.12"]
[Round "6"]
[White "Li, Zhichao"]
[Black "MacKinnon, Keith"]
[Result "1/2-1/2"]
[ECO "E18"]
[WhiteElo "2179"]
[BlackElo "2254"]
[PlyCount "41"]
[EventDate "2009.10.10"]
[EventType "swiss"]
[EventRounds "6"]
[EventCountry "CAN"]
[TimeControl "6600+30"]

1. Nf3 Nf6 2. c4 e6 3. g3 b6 4. Bg2 Bb7 5. O-O Be7 6. Nc3 O-O 7. d4 Ne4 8. Nxe4
Bxe4 9. Nh4 Bxg2 10. Nxg2 d5 11. Qa4 Qd7 12. Qxd7 Nxd7 13. cxd5 exd5 14. Nf4
Nf6 15. Be3 c5 16. dxc5 bxc5 17. Rac1 Rab8 18. Bxc5 Bxc5 19. Rxc5 Rxb2 20. Ra5
h6 21. Ra1 1/2-1/2

[Event "2010 Northern Alberta Open"]
[Site "Edmonton"]
[Date "2010.02.20"]
[Round "1"]
[White "Haessel, Dale"]
[Black "Zeggelaar, Mike"]
[Result "0-1"]
[ECO "E72"]
[WhiteElo "2300"]
[BlackElo "1788"]
[PlyCount "52"]
[EventDate "2010.02.20"]
[EventType "swiss"]
[EventRounds "5"]
[EventCountry "CAN"]
[TimeControl "240+2"]

1. d4 Nf6 2. c4 g6 3. g3 Bg7 4. Bg2 c5 5. d5 d6 6. Nc3 Na6 7. e4 O-O 8. f4 e6
9. Nge2 Rb8 10. a4 Nc7 11. O-O a6 12. a5 b5 13. axb6 Rxb6 14. Qd3 Qe7 15. Na4
Rb8 16. e5 Nfe8 17. Be3 exd5 18. exd6 Nxd6 19. Bxc5 Bf5 20. Qa3 Qxe2 21. Bxd6
Bxb2 22. Nxb2 Rxb2 23. Qf3 Qxc4 24. Qa3 Qd4+ 25. Kh1 Qd2 26. Rg1 Be4 0-1

[Event "2010 Northern Alberta Open"]
[Site "Edmonton"]
[Date "2010.02.20"]
[Round "1"]
[White "Rekhson, Vladislav"]
[Black "White, Chris"]
[Result "1-0"]
[ECO "C10"]
[WhiteElo "2210"]
[BlackElo "1710"]
[PlyCount "59"]
[EventDate "2010.02.20"]
[EventType "swiss"]
[EventRounds "5"]
[EventCountry "CAN"]
[TimeControl "240+2"]

1. e4 e6 2. d4 d5 3. Nc3 dxe4 4. Nxe4 Nd7 5. Nf3 Ngf6 6. Nxf6+ Nxf6 7. Bd3 c5
8. O-O Qb6 9. c3 cxd4 10. Nxd4 Be7 11. Qe2 O-O 12. Bg5 Nd5 13. Bxe7 Nxe7 14. a4
Ng6 15. a5 Qd8 16. Qe4 f5 17. Qe3 f4 18. Qe4 e5 19. Bc4+ Kh8 20. Ne6 Bxe6 21.
Bxe6 Qe7 22. Bd5 Rab8 23. g3 Qd7 24. Rfe1 Rfd8 25. Rad1 Qb5 26. b4 Ne7 27. Bb3
Rxd1 28. Rxd1 Rf8 29. gxf4 exf4 30. Qxe7 1-0

[Event "2010 Northern Alberta Open"]
[Site "Edmonton"]
[Date "2010.02.20"]
[Round "2"]
[White "Newton, Geoff"]
[Black "Rekhson, Vladislav"]
[Result "1-0"]
[ECO "E14"]
[WhiteElo "1944"]
[BlackElo "2210"]
[PlyCount "79"]
[EventDate "2010.02.20"]
[EventType "swiss"]
[EventRounds "5"]
[EventCountry "CAN"]
[TimeControl "240+2"]

1. d4 Nf6 2. Nf3 d5 3. c4 e6 4. Nc3 Be7 5. e3 O-O 6. Bd3 b6 7. cxd5 exd5 8. O-O
Bb7 9. Ne5 Nbd7 10. f4 Ne4 11. Nxe4 dxe4 12. Bc4 Nxe5 13. fxe5 Bd5 14. Qb3 c6
15. Bd2 b5 16. Bxd5 cxd5 17. Bb4 Bxb4 18. Qxb4 Qg5 19. Qb3 Rac8 20. Rf4 Rc4 21.
Raf1 a6 22. Rf5 Qh6 23. h3 Qc6 24. Qd1 Rc2 25. Qh5 g6 26. Qg5 h6 27. Qg3 Rxb2
28. Rf6 Qc7 29. Rxa6 Rc2 30. Rff6 Rc3 31. Qf4 Kg7 32. h4 Qc8 33. Qg3 h5 34.
Rxg6+ fxg6 35. Qxg6+ Kh8 36. Qh6+ Kg8 37. Rg6+ Kf7 38. Rg7+ Ke8 39. Qg6+ Kd8
40. Qg5+ 1-0

[Event "2010 Northern Alberta Open"]
[Site "Edmonton"]
[Date "2010.02.21"]
[Round "4"]
[White "Razzaq, Ali"]
[Black "Rekhson, Vladislav"]
[Result "0-1"]
[ECO "A25"]
[WhiteElo "1921"]
[BlackElo "2210"]
[PlyCount "80"]
[EventDate "2010.02.20"]
[EventType "swiss"]
[EventRounds "5"]
[EventCountry "CAN"]
[TimeControl "240+2"]

1. c4 Nf6 2. Nc3 e5 3. Nf3 Nc6 4. g3 g6 5. Bg2 Bg7 6. O-O d6 7. a3 Bg4 8. b4
Qd7 9. Qa4 O-O 10. b5 Nd8 11. Ng5 h6 12. Nge4 Nxe4 13. Bxe4 Ne6 14. Bd5 Nc5 15.
Qc2 a6 16. e3 c6 17. bxc6 bxc6 18. Bg2 Rab8 19. a4 Bf5 20. e4 Be6 21. Ne2 f5
22. d3 f4 23. gxf4 exf4 24. Bxf4 Rb2 25. Qc1 Nb3 26. Qxb2 Bxb2 27. Rab1 Nd4 28.
Nxd4 Bxd4 29. Bxh6 Rf7 30. Rb8+ Kh7 31. Bg5 Bh3 32. Bh4 Qg4 33. Bg3 Bxf2+ 34.
Kh1 Bxg2+ 35. Kxg2 Qf3+ 36. Kh3 Qxd3 37. Rbb1 Rf3 38. Rb7+ Kh6 39. Kg2 Rxg3+
40. hxg3 Qxg3+ 0-1

[Event "2010 Northern Alberta Open"]
[Site "Edmonton"]
[Date "2010.02.21"]
[Round "5"]
[White "Pechenkin, Vladimir"]
[Black "Ristovic, Nenad"]
[Result "1-0"]
[ECO "A07"]
[WhiteElo "2380"]
[BlackElo "2262"]
[PlyCount "93"]
[EventDate "2010.02.20"]
[EventType "swiss"]
[EventRounds "5"]
[EventCountry "CAN"]
[TimeControl "240+2"]

1. Nf3 d5 2. g3 c6 3. Bg2 Bg4 4. b3 Nd7 5. Bb2 e6 6. O-O Ngf6 7. d3 Be7 8. Nbd2
O-O 9. h3 Bh5 10. e4 Nc5 11. e5 Nfd7 12. Qe2 a5 13. a4 Na6 14. g4 Bg6 15. Nd4
c5 16. Nb5 Qb6 17. f4 f5 18. exf6 Bxf6 19. Bxf6 Nxf6 20. Kh1 Nd7 21. f5 exf5
22. Bxd5+ Kh8 23. Nc4 Qf6 24. Bxb7 Rae8 25. Qg2 Nb4 26. Nbd6 Rb8 27. gxf5 Bf7
28. Nxf7+ Rxf7 29. Be4 Qc3 30. Rac1 Rbf8 31. Rg1 Nf6 32. Nxa5 Nxd3 33. Bxd3
Qxa5 34. Rce1 Nh5 35. Qg4 Nf6 36. Qf3 Qc3 37. Ref1 Re7 38. Rg3 Re1 39. Rxe1
Qxe1+ 40. Rg1 Qc3 41. Qg3 Ne8 42. Qe1 Qf6 43. a5 Qh6 44. Qg3 Qc6+ 45. Qg2 Qc7
46. a6 Qb6 47. Bb5 1-0

[Event "2010 Northern Alberta Open"]
[Site "Edmonton"]
[Date "2010.02.21"]
[Round "5"]
[White "Rekhson, Vladislav"]
[Black "Daniluk, Jim"]
[Result "1-0"]
[ECO "B30"]
[WhiteElo "2210"]
[BlackElo "2052"]
[PlyCount "61"]
[EventDate "2010.02.20"]
[EventType "swiss"]
[EventRounds "5"]
[EventCountry "CAN"]
[TimeControl "240+2"]

1. e4 c5 2. Nf3 Nc6 3. Nc3 e5 4. Bc4 Be7 5. d3 Nf6 6. Bg5 d6 7. h3 h6 8. Bxf6
Bxf6 9. Qd2 g5 10. Nd5 Bg7 11. c3 Ne7 12. Nh2 Ng6 13. Nf1 Nh4 14. Nfe3 h5 15.
O-O-O Bd7 16. g3 Nf3 17. Qe2 g4 18. hxg4 hxg4 19. Rxh8+ Bxh8 20. Rh1 Bg7 21.
Rh7 Kf8 22. Qf1 b5 23. Qh1 Kg8 24. Bxb5 Be6 25. Qh5 Qg5 26. Qxg5 Nxg5 27. Rh5
f6 28. Nc7 Rb8 29. Nxe6 Rxb5 30. Nxg5 fxg5 31. Rxg5 1-0

[Event "2010 Over 1800"]
[Site "Edmonton"]
[Date "2010.05.01"]
[Round "2"]
[White "Gluckie, Jamin"]
[Black "MacLeod, Damon"]
[Result "1/2-1/2"]
[ECO "D31"]
[WhiteElo "2100"]
[BlackElo "1834"]
[PlyCount "118"]
[EventDate "2010.05.01"]
[EventType "swiss"]
[EventRounds "5"]
[EventCountry "CAN"]
[TimeControl "7200"]

1. d4 d5 2. c4 e6 3. Nc3 c6 4. e4 dxe4 5. Nxe4 Nf6 6. Nxf6+ Qxf6 7. Nf3 Nd7 8.
Bd3 Bb4+ 9. Bd2 Bxd2+ 10. Qxd2 O-O 11. O-O e5 12. Ng5 g6 13. Ne4 Qe7 14. Bc2 f5
15. Nc3 Qb4 16. dxe5 Nxe5 17. Rfe1 Nxc4 18. Qd4 b5 19. b3 Qd6 20. Qh4 Nb6 21.
Re7 h5 22. Rae1 Bd7 23. Bd1 Rae8 24. Bxh5 Rxe7 25. Rxe7 Rf7 26. Rxf7 Kxf7 27.
Be2 Qd2 28. Qh7+ Kf6 29. h3 b4 30. Qh8+ Ke7 31. Qe5+ Kf7 32. Na4 Qd5 33. Qc7
Kf6 34. Nxb6 axb6 35. Qxb6 Qd2 36. Qd8+ Ke5 37. Qh8+ Kd6 38. Qf6+ Kc7 39. Qe5+
Qd6 40. Qe3 c5 41. Bf3 Bc6 42. Bxc6 Kxc6 43. Qe2 Kd5 44. Qd3+ Ke5 45. Qxd6+
Kxd6 46. Kf1 Ke5 47. Ke2 Ke4 48. g3 Kd4 49. f3 Kc3 50. g4 fxg4 51. fxg4 Kb2 52.
h4 Kxa2 53. h5 gxh5 54. gxh5 c4 55. h6 cxb3 56. h7 b2 57. h8=Q b1=Q 58. Qa8+
Kb2 59. Qh8+ Ka2 1/2-1/2

[Event "2010 Over 1800"]
[Site "Edmonton"]
[Date "2010.05.01"]
[Round "2.3"]
[White "Rekhson, Vladislav"]
[Black "Yam, Alex"]
[Result "1/2-1/2"]
[ECO "A70"]
[WhiteElo "2296"]
[BlackElo "2222"]
[PlyCount "80"]
[EventDate "2010.05.01"]
[EventType "swiss"]
[EventRounds "5"]
[EventCountry "CAN"]
[TimeControl "7200"]

1. d4 Nf6 2. c4 e6 3. Nc3 c5 4. d5 exd5 5. cxd5 d6 6. e4 g6 7. Nf3 a6 8. a4 Bg4
9. Be2 Bxf3 10. Bxf3 Bg7 11. O-O O-O 12. g3 Nbd7 13. Bg2 b6 14. f4 Re8 15. g4
h6 16. h4 h5 17. g5 Ng4 18. Ne2 b5 19. Bf3 c4 20. Bxg4 hxg4 21. Ng3 Nc5 22. f5
Be5 23. Qxg4 Nb3 24. Rb1 Qb6+ 25. Kg2 Bxg3 26. fxg6 fxg6 27. Rf6 Be5 28. Rxg6+
Bg7 29. h5 Qd4 30. h6 Ra7 31. Re6 Rf8 32. Bf4 Rxf4 33. Qxf4 Rf7 34. Re8+ Bf8
35. Rf1 Rxf4 36. Rxf4 Qd2+ 37. Kg3 Qe1+ 38. Kg4 Qe2+ 39. Kh4 Qh2+ 40. Kg4 Qe2+
1/2-1/2

[Event "2010 Over 1800"]
[Site "Edmonton"]
[Date "2010.05.01"]
[Round "3.2"]
[White "MacKinnon, Keith"]
[Black "Kalisvaart, Peter"]
[Result "1/2-1/2"]
[ECO "D15"]
[WhiteElo "2308"]
[BlackElo "2127"]
[PlyCount "95"]
[EventDate "2010.05.01"]
[EventType "swiss"]
[EventRounds "5"]
[EventCountry "CAN"]
[TimeControl "7200"]

1. d4 d5 2. c4 c6 3. Nf3 Nf6 4. Nc3 a6 5. b3 e6 6. Bb2 Bd6 7. e3 O-O 8. Bd3
Nbd7 9. e4 dxe4 10. Nxe4 Bb4+ 11. Nc3 e5 12. dxe5 Nc5 13. Ke2 Nh5 14. Bc2 Nf4+
15. Kf1 Ncd3 16. Qb1 Nxb2 17. Qxb2 Nd3 18. Bxd3 Qxd3+ 19. Ne2 Bg4 20. Ne1 Qd7
21. f3 Bf5 22. a3 Bxe1 23. Rxe1 Rfd8 24. Ng3 Bd3+ 25. Kf2 Qc7 26. Ne4 Bxe4 27.
Rxe4 Qb6+ 28. Kg3 Rd3 29. b4 Rad8 30. c5 Qc7 31. Rhe1 f6 32. R1e2 fxe5 33. Qxe5
Qxe5+ 34. Rxe5 R8d7 35. R2e3 Kf7 36. Kf4 Rxe3 37. Rxe3 Rd2 38. Kg3 Rc2 39. f4
a5 40. Rb3 a4 41. Re3 h5 42. Kf3 h4 43. Rd3 Ke7 44. h3 Rb2 45. g4 hxg3 46. Kxg3
Rb3 47. Rf3 Ke6 48. Kg4 1/2-1/2

[Event "2010 Over 1800"]
[Site "Edmonton"]
[Date "2010.05.01"]
[Round "3.3"]
[White "MacKinnon, Keith"]
[Black "Wang, Richard"]
[Result "1/2-1/2"]
[ECO "E24"]
[WhiteElo "2290"]
[BlackElo "2271"]
[PlyCount "47"]
[EventDate "2010.05.01"]
[EventType "swiss"]
[EventRounds "5"]
[EventCountry "CAN"]
[TimeControl "7200"]

1. d4 Nf6 2. c4 e6 3. Nc3 Bb4 4. a3 Bxc3+ 5. bxc3 c5 6. Nf3 Ne4 7. Qc2 Qa5 8.
Bd2 f5 9. e3 b6 10. Bd3 Bb7 11. O-O O-O 12. d5 exd5 13. cxd5 Bxd5 14. c4 Nxd2
15. cxd5 Nxf1 16. Bxf5 Rxf5 17. Qxf5 Nxe3 18. fxe3 Qc3 19. Rf1 Qxe3+ 20. Kh1
Qe7 21. h4 Qf6 22. Qd3 d6 23. Ng5 Qg6 24. Rf8+ 1/2-1/2

[Event "2010 Over 1800"]
[Site "Edmonton"]
[Date "2010.05.01"]
[Round "3.4"]
[White "Wu, Allen"]
[Black "Rekhson, Vladislav"]
[Result "1/2-1/2"]
[ECO "A31"]
[WhiteElo "1928"]
[BlackElo "2179"]
[PlyCount "54"]
[EventDate "2010.05.01"]
[EventType "swiss"]
[EventRounds "5"]
[EventCountry "CAN"]
[TimeControl "7200"]

1. c4 Nf6 2. d4 c5 3. Nf3 cxd4 4. Nxd4 e5 5. Nb3 Nc6 6. Nc3 Bb4 7. Bd2 O-O 8.
g3 Bxc3 9. Bxc3 d5 10. cxd5 Nxd5 11. Bd2 a5 12. Bg2 Be6 13. Nc5 Qb6 14. Na4 Qa7
15. e4 Ndb4 16. Be3 Nd4 17. Bxd4 Qxd4 18. O-O Bxa2 19. Qxd4 exd4 20. Nb6 Ra6
21. Nd7 Rd8 22. Nc5 Ra7 23. e5 Bd5 24. Bxd5 Rxd5 25. Rfc1 Rxe5 26. Nd3 f6 27.
Nxe5 fxe5 1/2-1/2

[Event "2010 Over 1800"]
[Site "Edmonton"]
[Date "2010.05.02"]
[Round "3.5"]
[White "MacLeod, Damon"]
[Black "Yearwood, Roy"]
[Result "0-1"]
[ECO "B27"]
[WhiteElo "1834"]
[BlackElo "2122"]
[PlyCount "56"]
[EventDate "2010.05.01"]
[EventType "swiss"]
[EventRounds "5"]
[EventCountry "CAN"]
[TimeControl "7200"]

1. e4 c5 2. Nf3 Qa5 3. Nc3 g6 4. Bc4 Bg7 5. Ng5 Nh6 6. Qf3 O-O 7. Nd5 Nc6 8.
O-O b5 9. Bxb5 Qxb5 10. Nc7 Qb7 11. Nxa8 Nd4 12. Qd1 Qxa8 13. c3 Nc6 14. d3 d6
15. f4 e6 16. Be3 f6 17. Nh3 f5 18. Ng5 Ng4 19. Qf3 h6 20. Nh3 Nd4 21. Bxd4
cxd4 22. c4 Ne3 23. Rfc1 Bb7 24. Nf2 fxe4 25. Nxe4 e5 26. c5 Rxf4 27. Qh3 Bc8
28. Qg3 Rg4 0-1

[Event "2010 Over 1800"]
[Site "Edmonton"]
[Date "2010.05.02"]
[Round "4.1"]
[White "Wang, Richard"]
[Black "Yam, Alex"]
[Result "1-0"]
[ECO "A48"]
[WhiteElo "2271"]
[BlackElo "2222"]
[PlyCount "123"]
[EventDate "2010.05.01"]
[EventType "swiss"]
[EventRounds "5"]
[EventCountry "CAN"]
[TimeControl "7200"]

1. d4 Nf6 2. Nf3 g6 3. Bg5 Bg7 4. Nbd2 O-O 5. c3 d6 6. e4 h6 7. Bh4 Nc6 8. Bc4
e5 9. dxe5 dxe5 10. O-O Qe8 11. Bxf6 Bxf6 12. Qe2 Nd8 13. Rfd1 Qe7 14. Nf1 Ne6
15. Bxe6 Bxe6 16. Ne3 Rad8 17. b3 Bg7 18. Nc4 Qc5 19. Qe3 Qb5 20. Nb2 Qa5 21.
c4 f5 22. h3 Rxd1+ 23. Nxd1 Rd8 24. Nc3 c6 25. Rc1 f4 26. Qe2 Bf8 27. Rd1 Bb4
28. Rxd8+ Qxd8 29. Nd1 Qa5 30. Qb2 Qd8 31. Qc2 Qd6 32. Nb2 Bc5 33. Nd3 Bd4 34.
c5 Qd8 35. Ndxe5 Bxe5 36. Nxe5 Qg5 37. Nf3 Qh5 38. Qc3 Kf7 39. Ne5+ Ke8 40. Qd4
f3 41. Nxf3 Bxh3 42. Qe5+ Qxe5 43. Nxe5 Bc8 44. Nxg6 Kf7 45. Nf4 Kf6 46. Nd3 b6
47. cxb6 axb6 48. f4 Ba6 49. Nf2 c5 50. g4 Be2 51. Kg2 b5 52. e5+ Ke6 53. Ne4
Bxg4 54. Nxc5+ Kd5 55. Nd3 Bf5 56. Nf2 b4 57. Kf3 Bb1 58. Ke3 Bxa2 59. Nd3 Bxb3
60. Nxb4+ Kc4 61. Nd3 Bc2 62. f5 1-0

[Event "2010 Over 1800"]
[Site "Edmonton"]
[Date "2010.05.02"]
[Round "4.2"]
[White "Gardner, Robert"]
[Black "Pedersen, Rick"]
[Result "1/2-1/2"]
[ECO "D80"]
[WhiteElo "2296"]
[BlackElo "2308"]
[PlyCount "42"]
[EventDate "2010.05.01"]
[EventType "swiss"]
[EventRounds "5"]
[EventCountry "CAN"]
[TimeControl "7200"]

1. d4 Nf6 2. c4 g6 3. Nc3 d5 4. h4 c5 5. dxc5 d4 6. Nb5 Nc6 7. e3 e5 8. exd4
Nxd4 9. b4 a5 10. Bb2 axb4 11. Nxd4 exd4 12. Qxd4 Qxd4 13. Bxd4 Bg7 14. Bd3 O-O
15. Ne2 Rd8 16. O-O Rxd4 17. Nxd4 Nd7 18. Nb3 Bxa1 19. Rxa1 Ne5 20. Be2 Be6 21.
Nd4 Bxc4 1/2-1/2

[Event "2010 Over 1800"]
[Site "Edmonton"]
[Date "2010.05.02"]
[Round "4.4"]
[White "Hansen, Eric"]
[Black "Wu, Allen"]
[Result "1-0"]
[ECO "E16"]
[WhiteElo "2518"]
[BlackElo "1928"]
[PlyCount "51"]
[EventDate "2010.05.01"]
[EventType "swiss"]
[EventRounds "5"]
[EventCountry "CAN"]
[TimeControl "7200"]

1. d4 Nf6 2. c4 e6 3. Nf3 b6 4. g3 Bb7 5. Bg2 Bb4+ 6. Nbd2 O-O 7. O-O c5 8.
dxc5 Bxc5 9. b3 d5 10. cxd5 Nxd5 11. Bb2 Nd7 12. Nc4 Qe7 13. Nfd2 Rfd8 14. a3
N7f6 15. Qb1 Rac8 16. e4 Nc7 17. e5 Nfd5 18. b4 Bxb4 19. axb4 Nb5 20. Nd6 Nxd6
21. exd6 Qxd6 22. Rxa7 Nc3 23. Bxc3 Bxg2 24. Kxg2 Rxc3 25. Ne4 Qc6 26. b5 1-0

[Event "2010 Over 1800"]
[Site "Edmonton"]
[Date "2010.05.02"]
[Round "4.6"]
[White "Zeggelaar, Mike"]
[Black "MacLeod, Damon"]
[Result "1-0"]
[ECO "B21"]
[WhiteElo "1990"]
[BlackElo "1834"]
[PlyCount "81"]
[EventDate "2010.05.01"]
[EventType "swiss"]
[EventRounds "5"]
[EventCountry "CAN"]
[TimeControl "7200"]

1. e4 c5 2. d4 cxd4 3. c3 d3 4. Bxd3 Nc6 5. c4 Nf6 6. Nf3 d6 7. h3 g6 8. Nc3
Bg7 9. Be3 O-O 10. O-O Nd7 11. Qd2 Nde5 12. Nxe5 Nxe5 13. f4 Nxd3 14. Qxd3 Bd7
15. Bd4 e5 16. fxe5 dxe5 17. Bc5 Re8 18. Nd5 Be6 19. Rad1 Qa5 20. b4 Qd8 21.
Qg3 Bxd5 22. cxd5 b6 23. Be3 Qd6 24. a3 Rac8 25. Qf3 Re7 26. Bg5 Rec7 27. Rc1
h6 28. Bd2 Bf8 29. Rc3 Qd7 30. Rfc1 Rxc3 31. Rxc3 Rxc3 32. Qxc3 Bg7 33. Qc6 Qd8
34. g3 f5 35. Qxg6 fxe4 36. Bxh6 Qd7 37. Qxg7+ Qxg7 38. Bxg7 Kxg7 39. b5 Kf6
40. Kf2 Ke7 41. Ke3 1-0

[Event "2010 Over 1800"]
[Site "Edmonton"]
[Date "2010.05.02"]
[Round "5.1"]
[White "Hansen, Eric"]
[Black "Wang, Richard"]
[Result "1-0"]
[ECO "A84"]
[WhiteElo "2518"]
[BlackElo "2271"]
[PlyCount "79"]
[EventDate "2010.05.01"]
[EventType "swiss"]
[EventRounds "5"]
[EventCountry "CAN"]
[TimeControl "7200"]

1. d4 d5 2. c4 c6 3. Nf3 e6 4. e3 f5 5. b3 Bd6 6. Bd3 Nf6 7. Bb2 O-O 8. O-O Qe7
9. Qc1 Nbd7 10. Ba3 Ne4 11. Bxd6 Nxd6 12. Nc3 g5 13. Ne5 Nxe5 14. dxe5 Ne4 15.
Ne2 Bd7 16. f3 Nc5 17. Bc2 Be8 18. Qa3 Bg6 19. Rac1 Rfe8 20. cxd5 exd5 21. f4
gxf4 22. exf4 Ne6 23. Qb2 Rad8 24. b4 Qc7 25. Kh1 Qb6 26. Qc3 d4 27. Qb3 Kh8
28. Bd3 a5 29. g4 Ng7 30. Ng3 Rf8 31. bxa5 Qxb3 32. axb3 fxg4 33. f5 Bf7 34. e6
Nxe6 35. fxe6 Bxe6 36. b4 Bd5+ 37. Kg1 Bf3 38. Rce1 Rde8 39. Rxe8 Rxe8 40. Bc4
1-0